3L
AUSTIN RANGERS @ DETROIT RENAISSANCE
09/14/2023
 
TOP OF THE 1ST
Austin Rangers batting - Pitching for Detroit Renaissance : RHP Cris Mendoza
Pitching: RHP Cris Mendoza
Batting: RHB Tony Hernández 0-0: Ball
1-0: Bunted foul
1-1: Fly out, F9 (Line Drive, 9LM)
Batting: SHB Xavier Vásquez 0-0: Called Strike
0-1: Ball
1-1: Fly out, F7 (Flyball, 7M)
Batting: LHB Jesús Reyes 0-0: Called Strike
0-1: Ball
1-1: Called Strike
1-2: Ball
2-2: Ball
3-2: SOLO HOME RUN (Flyball, 89XD), Distance : 370 ft
Batting: LHB Yun Yen 0-0: Ball
1-0: Ball
2-0: SINGLE (Line Drive, 34)
Batting: RHB Jeff Green 0-0: Called Strike
0-1: Ball
1-1: SINGLE (Groundball, 56D)
Yun Yen to second
Batting: RHB Pablo Trujillo 0-0: Ball
1-0: Swinging Strike
1-1: Foul Ball, location: 2F
1-2: Ball
2-2: Strikes out swinging
Top of the 1st over - 1 run(s), 3 hit(s), 0 error(s), 2 left on base; Austin 1 - Detroit 0
BOTTOM OF THE 1ST
Detroit Renaissance batting - Pitching for Austin Rangers : RHP Juan Valéncia
Pitching: RHP Juan Valéncia
Batting: RHB Kyle Bywaters 0-0: Ball
1-0: Fly out, F7 (Flyball, 78M)
Batting: RHB Bernardo Herrera 0-0: Ground out 6-3 (Groundball, 6S)
Batting: RHB Lonnie Conrad 0-0: Ball
1-0: Ball
2-0: Ball
3-0: Called Strike
3-1: Base on Balls
Batting: LHB Juan González 0-0: Called Strike
0-1: Ball
1-1: Foul Ball, location: 2F
1-2: Ball
2-2: 2-RUN HOME RUN (Flyball, 89XD), Distance : 371 ft
Batting: LHB Mike Silver 0-0: Called Strike
0-1: Foul Ball, location: 2F
0-2: Foul Ball, location: 2F
0-2: Ball
1-2: Fly out, F9 (Flyball, 89M)
Bottom of the 1st over - 2 run(s), 1 hit(s), 0 error(s), 0 left on base; Austin 1 - Detroit 2
TOP OF THE 2ND
Austin Rangers batting - Pitching for Detroit Renaissance : RHP Cris Mendoza
Batting: LHB Motoshige Kitamura 0-0: Swinging Strike
0-1: Swinging Strike
0-2: Ball
1-2: Strikes out swinging
Batting: LHB Enrique Sánchez 0-0: Swinging Strike
0-1: Ball
1-1: Ground out 4-3 (Groundball, 4M)
Batting: RHB Joaquín Parra 0-0: Called Strike
0-1: Ball
1-1: Called Strike
1-2: Strikes out looking
Top of the 2nd over - 0 run(s), 0 hit(s), 0 error(s), 0 left on base; Austin 1 - Detroit 2
BOTTOM OF THE 2ND
Detroit Renaissance batting - Pitching for Austin Rangers : RHP Juan Valéncia
Batting: LHB Gregory Johnson 0-0: Ball
1-0: Called Strike
1-1: Swinging Strike
1-2: Ball
2-2: Ball
3-2: Ground out U3 (Groundball, 3)
Batting: LHB Luis Rodríguez 0-0: Called Strike
0-1: Fly out, F4 (Popup, 34D)
Batting: LHB Greg Robinson 0-0: Ball
1-0: Swinging Strike
1-1: Ball
2-1: Foul Ball, location: 2F
2-2: Ball
3-2: Base on Balls
Batting: RHB Eric D'Angle 0-0: Ball
1-0: Ball
2-0: Ball
3-0: Called Strike
3-1: Base on Balls
Greg Robinson to second
Batting: RHB Kyle Bywaters 0-0: Ball
1-0: Fly out, F5 (Popup, 5)
Bottom of the 2nd over - 0 run(s), 0 hit(s), 0 error(s), 2 left on base; Austin 1 - Detroit 2
TOP OF THE 3RD
Austin Rangers batting - Pitching for Detroit Renaissance : RHP Cris Mendoza
Batting: RHB Tony Hernández 0-0: Called Strike
0-1: Ball
1-1: Called Strike
1-2: Strikes out swinging
Batting: SHB Xavier Vásquez 0-0: Called Strike
0-1: SINGLE (Flyball, 8RS)
Batting: LHB Jesús Reyes 0-0: Called Strike
0-1: Ball
1-1: SINGLE (Groundball, 4M)
Xavier Vásquez to second
Batting: LHB Yun Yen 0-0: Fly out, F8 (Flyball, 8RXD)
Runner from 2nd tags up, SAFE at 3rd, no throw
Batting: RHB Jeff Green 0-0: Foul Ball, location: 2F
0-1: Ball
1-1: Ball
2-1: Called Strike
2-2: Ball
3-2: Strikes out swinging
Top of the 3rd over - 0 run(s), 2 hit(s), 0 error(s), 2 left on base; Austin 1 - Detroit 2
BOTTOM OF THE 3RD
Detroit Renaissance batting - Pitching for Austin Rangers : RHP Juan Valéncia
Batting: RHB Bernardo Herrera 0-0: Ball
1-0: Called Strike
1-1: Ball
2-1: Ball
3-1: Swinging Strike
3-2: Base on Balls
Batting: RHB Lonnie Conrad 0-0: Called Strike
0-1: Ball
1-1: Ball
2-1: Swinging Strike
2-2: 2-RUN HOME RUN (Flyball, 7D), Distance : 347 ft
Batting: LHB Juan González 0-0: Called Strike
0-1: Called Strike
0-2: Foul Ball, location: 2F
0-2: Foul Ball, location: 2F
0-2: Ball
1-2: Ground out 4-3 (Groundball, 4MS)
Batting: LHB Mike Silver 0-0: Ball
1-0: Foul Ball, location: 2F
1-1: Ground out 6-3 (Groundball, 6)
Batting: LHB Gregory Johnson 0-0: Called Strike
0-1: Called Strike
0-2: Ground out 1-3 (Groundball, 23)
Bottom of the 3rd over - 2 run(s), 1 hit(s), 0 error(s), 0 left on base; Austin 1 - Detroit 4
TOP OF THE 4TH
Austin Rangers batting - Pitching for Detroit Renaissance : RHP Cris Mendoza
Batting: RHB Pablo Trujillo 0-0: Called Strike
0-1: SOLO HOME RUN (Flyball, 78XD), Distance : 388 ft
Batting: LHB Motoshige Kitamura 0-0: Called Strike
0-1: Swinging Strike
0-2: Foul Ball, location: 2F
0-2: Ball
1-2: Ball
2-2: DOUBLE (Line Drive, 78M)
Batting: LHB Enrique Sánchez 0-0: Called Strike
0-1: Ground out U3 (Groundball, 3L)
Motoshige Kitamura to third
Batting: RHB Joaquín Parra 0-0: Fly out, F6 (Popup, 6MS)
Batting: RHB Tony Hernández 0-0: Ball
1-0: Ball
2-0: Fly out, F9 (Flyball, 9S)
Top of the 4th over - 1 run(s), 2 hit(s), 0 error(s), 1 left on base; Austin 2 - Detroit 4
BOTTOM OF THE 4TH
Detroit Renaissance batting - Pitching for Austin Rangers : RHP Juan Valéncia
Batting: LHB Luis Rodríguez 0-0: Ball
1-0: Fly out, F4 (Popup, 4)
Batting: LHB Greg Robinson 0-0: Called Strike
0-1: SINGLE (Flyball, 78S)
Batting: RHB Eric D'Angle 0-0: Ball
1-0: Swinging Strike
1-1: Swinging Strike
1-2: Foul Ball, location: 2F
1-2: Foul Ball, location: 2F
1-2: SINGLE (Line Drive, 6MD)
Greg Robinson to second
Batting: RHB Kyle Bywaters 0-0: Ball
1-0: Ball
Greg Robinson steals 3rd base
Eric D'Angle to second
2-0: DOUBLE (Line Drive, 78M)
Greg Robinson scores
Eric D'Angle scores
Pitching: RHP Melvin Richards
Batting: RHB Bernardo Herrera 0-0: Called Strike
0-1: Ball
1-1: Foul Ball, location: 2F
1-2: Ball
2-2: Ball
3-2: Foul Ball, location: 2F
3-2: Foul Ball, location: 2F
3-2: Base on Balls
Batting: RHB Lonnie Conrad 0-0: Called Strike
Kyle Bywaters steals 3rd base
Bernardo Herrera to second
0-1: Ball
1-1: SINGLE (Groundball, 56D)
Kyle Bywaters scores
Bernardo Herrera to third
Runner from 3rd tries for Home, SAFE, no throw or cutoff
Batting: LHB Juan González 0-0: Foul Ball, location: 2F
0-1: Ball
1-1: Swinging Strike
1-2: Ball
2-2: Ball
3-2: Reached on error, E1 (Groundball, 13S)
Lonnie Conrad to second
Batting: LHB Mike Silver 0-0: Called Strike
0-1: Ball
1-1: Called Strike
1-2: Ball
2-2: Ball
3-2: Foul Ball, location: 2F
3-2: Fly out, F9 (Flyball, 89D)
Batting: LHB Gregory Johnson 0-0: Swinging Strike
0-1: Ground out 4-3 (Groundball, 13)
Bottom of the 4th over - 4 run(s), 4 hit(s), 1 error(s), 2 left on base; Austin 2 - Detroit 8
TOP OF THE 5TH
Austin Rangers batting - Pitching for Detroit Renaissance : RHP Cris Mendoza
Batting: SHB Xavier Vásquez 0-0: Ball
1-0: Reached on error, E3 (Groundball, 3L)
Batting: LHB Jesús Reyes 0-0: Ball
1-0: Ball
2-0: Ball
3-0: Called Strike
3-1: Called Strike
3-2: Foul Ball, location: 2F
3-2: Strikes out swinging
Xavier Vásquez is caught stealing 2nd base
Batter strikes out.
Batting: LHB Yun Yen 0-0: SOLO HOME RUN (Flyball, 9D), Distance : 343 ft
Batting: RHB Jeff Green 0-0: Fly out, F9 (Flyball, 9LM)
Top of the 5th over - 1 run(s), 1 hit(s), 1 error(s), 0 left on base; Austin 3 - Detroit 8
BOTTOM OF THE 5TH
Detroit Renaissance batting - Pitching for Austin Rangers : RHP Melvin Richards
Batting: LHB Luis Rodríguez 0-0: Ball
1-0: Ball
2-0: Ball
3-0: Called Strike
3-1: Ground out 4-3 (Groundball, 4)
Batting: LHB Greg Robinson 0-0: Ball
1-0: Ball
2-0: Ball
3-0: Called Strike
3-1: Foul Ball, location: 2F
3-2: Foul Ball, location: 2F
3-2: Ground out 4-3 (Groundball, 4M)
Batting: RHB Eric D'Angle 0-0: Ball
1-0: Ball
2-0: Called Strike
2-1: Fly out, F8 (Flyball, 8LD)
Bottom of the 5th over - 0 run(s), 0 hit(s), 0 error(s), 0 left on base; Austin 3 - Detroit 8
TOP OF THE 6TH
Austin Rangers batting - Pitching for Detroit Renaissance : RHP Cris Mendoza
Batting: RHB Pablo Trujillo 0-0: Ball
1-0: Ball
2-0: Ball
3-0: Base on Balls
Batting: LHB Motoshige Kitamura 0-0: Ball
1-0: Called Strike
1-1: Swinging Strike
1-2: Strikes out swinging
Batting: LHB Enrique Sánchez 0-0: Called Strike
Pickoff Throw by Catcher to First - Out!
0-1: Ball
1-1: Swinging Strike
1-2: Foul Ball, location: 2F
1-2: Strikes out swinging
Top of the 6th over - 0 run(s), 0 hit(s), 0 error(s), 0 left on base; Austin 3 - Detroit 8
BOTTOM OF THE 6TH
Detroit Renaissance batting - Pitching for Austin Rangers : RHP Melvin Richards
Batting: RHB Kyle Bywaters 0-0: Foul Ball, location: 2F
0-1: Ball
1-1: Ball
2-1: Called Strike
2-2: Foul Ball, location: 2F
2-2: Strikes out swinging
Batting: RHB Bernardo Herrera 0-0: Foul Ball, location: 2F
0-1: Ground out 6-3 (Groundball, 6)
Batting: RHB Lonnie Conrad 0-0: Fly out, F6 (Popup, 56D)
Bottom of the 6th over - 0 run(s), 0 hit(s), 0 error(s), 0 left on base; Austin 3 - Detroit 8
TOP OF THE 7TH
Austin Rangers batting - Pitching for Detroit Renaissance : RHP Cris Mendoza
Batting: RHB Joaquín Parra 0-0: DOUBLE (Line Drive, 7LS)
Batting: RHB Tony Hernández 0-0: Ground out 5-3 (Groundball, 5)
Batting: SHB Xavier Vásquez 0-0: Foul Ball, location: 2F
0-1: DOUBLE (Line Drive, 9LM)
Joaquín Parra scores
Batting: LHB Jesús Reyes 0-0: Ball
1-0: Ball
2-0: Foul Ball, location: 2F
2-1: Swinging Strike
2-2: Foul Ball, location: 2F
2-2: Strikes out swinging
Batting: LHB Yun Yen 0-0: Foul Ball, location: 2F
0-1: Foul Ball, location: 2F
0-2: Strikes out swinging
Top of the 7th over - 1 run(s), 2 hit(s), 0 error(s), 1 left on base; Austin 4 - Detroit 8
BOTTOM OF THE 7TH
Detroit Renaissance batting - Pitching for Austin Rangers : RHP Melvin Richards
Pitching: RHP Miguel Herrera
Batting: LHB Juan González 0-0: Called Strike
0-1: Ball
1-1: Ball
2-1: Ball
3-1: Base on Balls
Batting: LHB Mike Silver 0-0: Called Strike
0-1: Swinging Strike
0-2: Foul Ball, location: 2F
0-2: Ball
1-2: Strikes out looking
Batting: LHB Gregory Johnson 0-0: Swinging Strike
0-1: Fielders Choice at 2nd, 4-6 (Groundball, 4)
Batting: LHB Luis Rodríguez 0-0: Swinging Strike
0-1: Ball
1-1: Ground out 4-3 (Groundball, 4S)
Bottom of the 7th over - 0 run(s), 0 hit(s), 0 error(s), 1 left on base; Austin 4 - Detroit 8
TOP OF THE 8TH
Austin Rangers batting - Pitching for Detroit Renaissance : RHP Cris Mendoza
Batting: RHB Jeff Green 0-0: Ball
1-0: Ball
2-0: Foul Ball, location: 2F
2-1: Ground out 6-3 (Groundball, 6M)
Batting: RHB Pablo Trujillo 0-0: Called Strike
0-1: Ball
1-1: Ball
2-1: Ball
3-1: Ground out 4-3 (Groundball, 34)
Batting: LHB Motoshige Kitamura 0-0: Ball
1-0: Ball
2-0: Ball
3-0: Base on Balls
Pitching: LHP Hwen-thiang Qin
Batting: LHB Enrique Sánchez 0-0: SINGLE (Groundball, 34D)
Motoshige Kitamura to second
Runner from 2nd tries for 3rd, SAFE, no throw or cutoff
Pitching: RHP Rafael García
Batting: RHB Joaquín Parra 0-0: Called Strike
0-1: Swinging Strike
0-2: Ball
1-2: Fly out, F9 (Flyball, 89M)
Top of the 8th over - 0 run(s), 1 hit(s), 0 error(s), 2 left on base; Austin 4 - Detroit 8
BOTTOM OF THE 8TH
Detroit Renaissance batting - Pitching for Austin Rangers : RHP Miguel Herrera
Batting: LHB Greg Robinson 0-0: Called Strike
0-1: Called Strike
0-2: Ball
1-2: Strikes out swinging
Batting: RHB Eric D'Angle 0-0: Ball
1-0: Ball
2-0: Called Strike
2-1: Ball
3-1: Base on Balls
Batting: RHB Kyle Bywaters 0-0: Called Strike
Eric D'Angle steals 2nd base
0-1: SINGLE (Line Drive, 6MD)
Eric D'Angle to third
Runner from 3rd tries for Home, SAFE, no throw or cutoff
Batting: RHB Bernardo Herrera 0-0: Called Strike
Kyle Bywaters is caught stealing 2nd base
0-1: Called Strike
0-2: Foul Ball, location: 2F
0-2: Ball
1-2: Ground out 5-3 (Groundball, 5S)
Bottom of the 8th over - 1 run(s), 1 hit(s), 0 error(s), 0 left on base; Austin 4 - Detroit 9
TOP OF THE 9TH
Austin Rangers batting - Pitching for Detroit Renaissance : RHP Rafael García
Batting: RHB Tony Hernández 0-0: Foul Ball, location: 2F
0-1: Ball
1-1: Foul Ball, location: 2F
1-2: Ball
2-2: Foul Ball, location: 2F
2-2: Ball
3-2: Ground out 5-3 (Groundball, 5)
Batting: SHB Xavier Vásquez 0-0: Ball
1-0: Called Strike
1-1: Foul Ball, location: 2F
1-2: DOUBLE (Line Drive, 9LS)
Batting: LHB Jesús Reyes 0-0: Called Strike
0-1: Ball
1-1: Fly out, F3 (Line Drive, 3)
Batting: LHB Yun Yen 0-0: Ball
1-0: Called Strike
1-1: Foul Ball, location: 2F
1-2: Ground out 4-3 (Groundball, 4M)
Top of the 9th over - 0 run(s), 1 hit(s), 0 error(s), 1 left on base; Austin 4 - Detroit 9
This league is powered by Out of the Park Baseball, the baseball management simulation game for PC, Mac and Linux
Friday, July 8th, 2016 - OOTP Baseball 16.9 Build 39